cohdb
Replays
Latest Replays
All Replays
Popular Replays
Top Player Replays
Match Explorer
How It Works
Community
CoH3 Stats
Reddit
Sign in to upload your games and track your stats! →
Sign in with Steam
Match 42635902
Unlisted
Match 42635902
Overview
Messages
Build Orders
End
Scout Squad
Selects Airborne Battlegroup
Selects Heavy Machine Gun Paradrop
Heavy Machine Gun Paradrop
Construct Barracks
M1 Mortar Team
Air Support Center
Selects Paratrooper Squad Paradrop
Paratrooper Squad Paradrop
Construct Medical Station
Paratrooper Squad Paradrop
Heavy Machine Gun Paradrop
Air Supremacy
Selects Recon Loiter
P-47 Strafing Run
Recon Loiter
Heavy Machine Gun Paradrop
Double Sortie
P-47 Strafing Run
P-47 Strafing Run
Heavy Machine Gun Paradrop
Selects Anti-tank Gun Team Paradrop
AI Takeover
schultz110
Dan
[Streng-Geheim]
보초입니다
B1t
SkyCurv
ChuckleBerry
Cmdte. Canela
0
0
Comments
sign in to comment!
No comments posted yet!